Workbook

Sheet Feuil1
B3: Valeurs
A4: Étiquettes de lignes | B4: Somme sur Montant HT | C4: Somme sur TTC | D4: Somme sur TVA
A5: CAT | C5: 0
A6: (vide) | C6: 0
A7: Surgimab | C7: 0
A8: CAT interest | C8: 0
A9: (vide) | C9: 0
A10: Surgimab | C10: 0
A11: Legal Costs | B11: 300 | C11: 358.8 | D11: 58.8
A12: Brunswick | B12: 300 | C12: 358.8 | D12: 58.8
A13: Brunswick | B13: 300 | C13: 358.8 | D13: 58.8
A14: Other Costs | B14: 299.69 | C14: 299.69
A15: Insurance | B15: 299.69 | C15: 299.69
A16: Hiscox Assurances | B16: 299.69 | C16: 299.69
A17: Personel Costs | B17: 27961.61 | C17: 27961.61
A18: maladie | B18: 1645.61 | C18: 1645.61
A19: APGIS | B19: 1645.61 | C19: 1645.61
A20: Retraite | B20: 6267 | C20: 6267
A21: Groupe Mornay | B21: 6267 | C21: 6267
A22: URSSAF | B22: 20049 | C22: 20049
A23: URSSAF | B23: 20049 | C23: 20049
A24: Phone | B24: 60.39 | C24: 72.23 | D24: 11.84
A25: Bouyguestelecom FC | B25: 60.39 | C25: 72.23 | D25: 11.84
A26: Bouyguestelecom | B26: 60.39 | C26: 72.23 | D26: 11.84
A27: R&D Costs | B27: 1751.01 | C27: 2094.21 | D27: 343.2
A28: SGM101 | B28: 1751.01 | C28: 2094.21 | D28: 343.2
A29: Cryo Express | B29: 133.01 | C29: 159.08 | D29: 26.07
A30: L2D | B30: 1618 | C30: 1935.13 | D30: 317.13
A31: Rent | B31: 49.59 | C31: 59.31 | D31: 9.72
A32: AS | B32: 49.59 | C32: 59.31 | D32: 9.72
A33: As | B33: 49.59 | C33: 59.31 | D33: 9.72
A34: (vide) | B34: 80 | C34: 80
A35: (vide) | B35: 80 | C35: 80
A36: LCL | B36: 80 | C36: 80
A37: Total | B37: 30502.29 | C37: 30925.85 | D37: 423.56

Sheet JANVIER
A2: NOTE :FACTURES | B2: MAI | C2: NON PAYEE | D2: 41243 | H2: Solde Trésorerie Début Période | L2: =[1]DECEMBRE!$L$3 -> 16144.29 | N2: CAISSE | O2: =[2]SEPTEMBRE!N2-4.5-25-23 -> 36.61
B3: INSERM TRANSFERT | D3: 13026.31 | H3: Solde Tresorerie Fin Période | L3: =L2-SUM(J9:J31)+(SUM(K9:K31)) -> 71733.44 | N3: Solde Corrigé | O3: =L3+O2 -> 71770.05
H4: BALANCE REEL Engagements | L4: =L2-SUM(H9:H31)+SUM(K9:K31)-D3 -> 52440.13
H5: Solde Relevé Bancaire Mensuel | L5: 0 | N5: C.A.T. | O5: =1080000 -> 1080000
H6: Rapprochement bancaire | L6: 0 | N6: TOTAL TRESO | O6: =O5+L4 -> 1132440.1
A8: DATE | B8: DESTINATAIRE | C8: MOYEN Paiement | D8: Mise en Paiement | E8: Échéance | F8: Montant HT | G8: TVA | H8: TTC | I8: deb | J8: DEBIT | K8: CREDIT | L8: SOLDE | M8: ANALYTIQUE | N8: RUBRIQUE | O8: Ref Interne
A9: 41266 | B9: Bouyguestelecom | C9: prelevement | D9: 41282 | E9: =IF(Table1[[#This Row],[Mise en Paiement]]-(TODAY())<0, 0, Table1[[#This Row],[Mise en Paiement]]-TODAY()) -> 0 | F9: 60.39 | G9: 11.84 | H9: =G9+F9 -> 72.23 | I9: =IF(Table1[[#This Row],[Échéance]]=0,1,0) -> 1 | J9: =IF(I9=1, H9, 0) -> 72.23 | L9: =L2-J9+K9 -> 16072.06 | M9: Phone | N9: Bouyguestelecom FC | O9: 12_12016
A10: 41276 | B10: L2D | C10: virement | D10: 41276 | E10: =IF(Table1[[#This Row],[Mise en Paiement]]-(TODAY())<0, 0, Table1[[#This Row],[Mise en Paiement]]-TODAY()) -> 0 | F10: 1618 | G10: 317.13 | H10: =G10+F10 -> 1935.13 | I10: =IF(Table1[[#This Row],[Échéance]]=0,1,0) -> 1 | J10: =IF(I10=1, H10, 0) -> 1935.13 | L10: =L9-J10+K10 -> 14136.93 | M10: R&D Costs | N10: SGM101 | O10: 12_12020
A11: 41243 | B11: Cryo Express | C11: virement | D11: 41282 | E11: =IF(Table1[[#This Row],[Mise en Paiement]]-(TODAY())<0, 0, Table1[[#This Row],[Mise en Paiement]]-TODAY()) -> 0 | F11: 133.01 | G11: 26.07 | H11: =G11+F11 -> 159.08 | I11: =IF(Table1[[#This Row],[Échéance]]=0,1,0) -> 1 | J11: =IF(I11=1, H11, 0) -> 159.08 | L11: =L10-J11+K11 -> 13977.85 | M11: R&D Costs | N11: SGM101 | O11: 12_12010
A12: 41247 | B12: Brunswick | C12: virement | D12: 41282 | E12: =IF(Table1[[#This Row],[Mise en Paiement]]-(TODAY())<0, 0, Table1[[#This Row],[Mise en Paiement]]-TODAY()) -> 0 | F12: 300 | G12: 58.8 | H12: =G12+F12 -> 358.8 | I12: =IF(Table1[[#This Row],[Échéance]]=0,1,0) -> 1 | J12: =IF(I12=1, H12, 0) -> 358.8 | L12: =L11-J12+K12 -> 13619.05 | M12: Legal Costs | N12: Brunswick | O12: 12_12009
A13: 41282 | B13: Hiscox Assurances | C13: ch 113 | D13: 41282 | E13: =IF(Table1[[#This Row],[Mise en Paiement]]-(TODAY())<0, 0, Table1[[#This Row],[Mise en Paiement]]-TODAY()) -> 0 | F13: 299.69 | H13: =G13+F13 -> 299.69 | I13: =IF(Table1[[#This Row],[Échéance]]=0,1,0) -> 1 | J13: =IF(I13=1, H13, 0) -> 299.69 | L13: =L12-J13+K13 -> 13319.36 | M13: Other Costs | N13: Insurance | O13: 12_11011
A14: 41282 | B14: URSSAF | C14: prelevement | D14: 41289 | E14: =IF(Table1[[#This Row],[Mise en Paiement]]-(TODAY())<0, 0, Table1[[#This Row],[Mise en Paiement]]-TODAY()) -> 0 | F14: 20049 | H14: =G14+F14 -> 20049 | I14: =IF(Table1[[#This Row],[Échéance]]=0,1,0) -> 1 | J14: =IF(I14=1, H14, 0) -> 20049 | L14: =L13-J14+K14 -> -6729.6404 | M14: Personel Costs | N14: URSSAF
A15: 41282 | B15: Groupe Mornay | C15: prelevement | D15: 41305 | E15: =IF(Table1[[#This Row],[Mise en Paiement]]-(TODAY())<0, 0, Table1[[#This Row],[Mise en Paiement]]-TODAY()) -> 15 | F15: 6267 | H15: =G15+F15 -> 6267 | I15: =IF(Table1[[#This Row],[Échéance]]=0,1,0) -> 0 | J15: =IF(I15=1, H15, 0) -> 0 | L15: =L14-J15+K15 -> -6729.6404 | M15: Personel Costs | N15: Retraite
A16: 41282 | B16: APGIS | C16: ch 114 | D16: 41289 | E16: =IF(Table1[[#This Row],[Mise en Paiement]]-(TODAY())<0, 0, Table1[[#This Row],[Mise en Paiement]]-TODAY()) -> 0 | F16: 1645.61 | H16: =G16+F16 -> 1645.61 | I16: =IF(Table1[[#This Row],[Échéance]]=0,1,0) -> 1 | J16: =IF(I16=1, H16, 0) -> 1645.61 | L16: =L15-J16+K16 -> -8375.2504 | M16: Personel Costs | N16: maladie
A17: 41283 | B17: Surgimab | C17: virement | D17: 41283 | E17: =IF(Table1[[#This Row],[Mise en Paiement]]-(TODAY())<0, 0, Table1[[#This Row],[Mise en Paiement]]-TODAY()) -> 0 | H17: =G17+F17 -> 0 | I17: =IF(Table1[[#This Row],[Échéance]]=0,1,0) -> 1 | J17: =IF(I17=1, H17, 0) -> 0 | K17: 80000 | L17: =L16-J17+K17 -> 71624.75 | M17: CAT
A18: 41283 | B18: Surgimab | C18: virement | D18: 41283 | E18: =IF(Table1[[#This Row],[Mise en Paiement]]-(TODAY())<0, 0, Table1[[#This Row],[Mise en Paiement]]-TODAY()) -> 0 | H18: =G18+F18 -> 0 | I18: =IF(Table1[[#This Row],[Échéance]]=0,1,0) -> 1 | J18: =IF(I18=1, H18, 0) -> 0 | K18: 259 | L18: =L17-J18+K18 -> 71883.75 | M18: CAT interest
A19: 41289 | B19: LCL | C19: retrait | D19: 41290 | E19: =IF(Table1[[#This Row],[Mise en Paiement]]-(TODAY())<0, 0, Table1[[#This Row],[Mise en Paiement]]-TODAY()) -> 0 | F19: 80 | H19: =G19+F19 -> 80 | I19: =IF(Table1[[#This Row],[Échéance]]=0,1,0) -> 1 | J19: =IF(I19=1, H19, 0) -> 80 | L19: =L18-J19+K19 -> 71803.75
A20: 41289 | B20: As | C20: prelevement | D20: 41290 | E20: =IF(Table1[[#This Row],[Mise en Paiement]]-(TODAY())<0, 0, Table1[[#This Row],[Mise en Paiement]]-TODAY()) -> 0 | F20: 49.59 | G20: 9.72 | H20: =G20+F20 -> 59.31 | I20: =IF(Table1[[#This Row],[Échéance]]=0,1,0) -> 1 | J20: =IF(I20=1, H20, 0) -> 59.31 | L20: =L19-J20+K20 -> 71744.44 | M20: Rent | N20: AS | O20: 13_01001
A21: 40923 | B21: Parking | C21: CB FC | D21: 41290 | E21: =IF(Table1[[#This Row],[Mise en Paiement]]-(TODAY())<0, 0, Table1[[#This Row],[Mise en Paiement]]-TODAY()) -> 0 | F21: 9.2 | G21: 1.8 | H21: =G21+F21 -> 11 | I21: =IF(Table1[[#This Row],[Échéance]]=0,1,0) -> 1 | J21: =IF(I21=1, H21, 0) -> 11 | L21: =L20-J21+K21 -> 71733.44 | M21: Travels | N21: Parking

Sheet FEVRIER
A2: NOTE :FACTURES | B2: MAI | C2: NON PAYEE | D2: 41243 | H2: Solde Trésorerie Début Période | L2: =JANVIER!L3 -> 71733.44 | N2: CAISSE | O2: =[2]SEPTEMBRE!N2-4.5-25-23 -> 36.61
B3: INSERM TRANSFERT | D3: 13026.31 | H3: Solde Tresorerie Fin Période | L3: =L2-(SUM(J9:J30)+(SUM(K9:K30))) -> 69521.8 | N3: Solde Corrigé | O3: =L3+O2 -> 69558.41
H4: BALANCE REEL Engagements | L4: =L2-SUM(H9:H30)+SUM(K9:K30) -> 69521.8
H5: Solde Relevé Bancaire Mensuel | L5: 0 | N5: C.A.T. | O5: =1080000 -> 1080000
H6: Rapprochement bancaire | L6: 0 | N6: TOTAL TRESO | O6: =O5+L4 -> 1149521.8
A8: DATE | B8: DESTINATAIRE | C8: MOYEN Paiement | D8: Mise en Paiement | E8: Échéance | F8: Montant HT | G8: TVA | H8: TTC | I8: deb | J8: DEBIT | K8: CREDIT | L8: SOLDE | M8: ANALYTIQUE | N8: RUBRIQUE | O8: Ref Interne
A9: 41236 | B9: Bouyguestelecom | C9: prelevement | D9: 41251 | E9: =IF([1]!Table12[[#This Row],[Mise en Paiement]]-(TODAY())<0, 0, [1]!Table12[[#This Row],[Mise en Paiement]]-TODAY()) -> #REF! | F9: 66.4 | G9: 13.02 | H9: =G9+F9 -> 79.42 | I9: 1 | J9: =IF(I9=1, H9, 0) -> 79.42 | L9: =L2-J9+K9 -> 71654.02 | M9: Phone | N9: Bouyguestelecom FC | O9: 12_11019
A10: 41247 | B10: L2D | C10: virement | D10: 41247 | E10: =IF([1]!Table12[[#This Row],[Mise en Paiement]]-(TODAY())<0, 0, [1]!Table12[[#This Row],[Mise en Paiement]]-TODAY()) -> #REF! | F10: 1815.09 | G10: 317.13 | H10: =G10+F10 -> 2132.22 | I10: 1 | J10: =IF(I10=1, H10, 0) -> 2132.22 | L10: =L9-J10+K10 -> 69521.8 | M10: R & D Costs | N10: SGM101 | O10: 12_11017

Sheet MARS
A2: NOTE :FACTURES | B2: MAI | C2: NON PAYEE | D2: 41243 | H2: Solde Trésorerie Début Période | L2: =FEVRIER!L3 -> 69521.8 | N2: CAISSE | O2: =[2]SEPTEMBRE!N2-4.5-25-23 -> 36.61
B3: INSERM TRANSFERT | D3: 13026.31 | H3: Solde Tresorerie Fin Période | L3: =L2-(SUM(J9:J30)+(SUM(K9:K30))) -> 67310.16 | N3: Solde Corrigé | O3: =L3+O2 -> 67346.77
H4: BALANCE REEL Engagements | L4: =L2-SUM(H9:H30)+SUM(K9:K30) -> 67310.16
H5: Solde Relevé Bancaire Mensuel | L5: 0 | N5: C.A.T. | O5: =1080000 -> 1080000
H6: Rapprochement bancaire | L6: 0 | N6: TOTAL TRESO | O6: =O5+L4 -> 1147310.2
A8: DATE | B8: DESTINATAIRE | C8: MOYEN Paiement | D8: Mise en Paiement | E8: Échéance | F8: Montant HT | G8: TVA | H8: TTC | I8: deb | J8: DEBIT | K8: CREDIT | L8: SOLDE | M8: ANALYTIQUE | N8: RUBRIQUE | O8: Ref Interne
A9: 41236 | B9: Bouyguestelecom | C9: prelevement | D9: 41251 | E9: =IF([1]!Table12[[#This Row],[Mise en Paiement]]-(TODAY())<0, 0, [1]!Table12[[#This Row],[Mise en Paiement]]-TODAY()) -> #REF! | F9: 66.4 | G9: 13.02 | H9: =G9+F9 -> 79.42 | I9: 1 | J9: =IF(I9=1, H9, 0) -> 79.42 | L9: =L2-J9+K9 -> 69442.38 | M9: Phone | N9: Bouyguestelecom FC | O9: 12_11019
A10: 41247 | B10: L2D | C10: virement | D10: 41247 | E10: =IF([1]!Table12[[#This Row],[Mise en Paiement]]-(TODAY())<0, 0, [1]!Table12[[#This Row],[Mise en Paiement]]-TODAY()) -> #REF! | F10: 1815.09 | G10: 317.13 | H10: =G10+F10 -> 2132.22 | I10: 1 | J10: =IF(I10=1, H10, 0) -> 2132.22 | L10: =L9-J10+K10 -> 67310.16 | M10: R & D Costs | N10: SGM101 | O10: 12_11017

Sheet AVRIL
A2: NOTE :FACTURES | B2: MAI | C2: NON PAYEE | D2: 41243 | H2: Solde Trésorerie Début Période | L2: =MARS!L3 -> 67310.16 | N2: CAISSE | O2: =[2]SEPTEMBRE!N2-4.5-25-23 -> 36.61
B3: INSERM TRANSFERT | D3: 13026.31 | H3: Solde Tresorerie Fin Période | L3: =L2-(SUM(J9:J30)+(SUM(K9:K30))) -> 65098.52 | N3: Solde Corrigé | O3: =L3+O2 -> 65135.13
H4: BALANCE REEL Engagements | L4: =L2-SUM(H9:H30)+SUM(K9:K30) -> 65098.52
H5: Solde Relevé Bancaire Mensuel | L5: 0 | N5: C.A.T. | O5: =1080000 -> 1080000
H6: Rapprochement bancaire | L6: 0 | N6: TOTAL TRESO | O6: =O5+L4 -> 1145098.5
A8: DATE | B8: DESTINATAIRE | C8: MOYEN Paiement | D8: Mise en Paiement | E8: Échéance | F8: Montant HT | G8: TVA | H8: TTC | I8: deb | J8: DEBIT | K8: CREDIT | L8: SOLDE | M8: ANALYTIQUE | N8: RUBRIQUE | O8: Ref Interne
A9: 41236 | B9: Bouyguestelecom | C9: prelevement | D9: 41251 | E9: =IF([1]!Table12[[#This Row],[Mise en Paiement]]-(TODAY())<0, 0, [1]!Table12[[#This Row],[Mise en Paiement]]-TODAY()) -> #REF! | F9: 66.4 | G9: 13.02 | H9: =G9+F9 -> 79.42 | I9: 1 | J9: =IF(I9=1, H9, 0) -> 79.42 | L9: =L2-J9+K9 -> 67230.74 | M9: Phone | N9: Bouyguestelecom FC | O9: 12_11019
A10: 41247 | B10: L2D | C10: virement | D10: 41247 | E10: =IF([1]!Table12[[#This Row],[Mise en Paiement]]-(TODAY())<0, 0, [1]!Table12[[#This Row],[Mise en Paiement]]-TODAY()) -> #REF! | F10: 1815.09 | G10: 317.13 | H10: =G10+F10 -> 2132.22 | I10: 1 | J10: =IF(I10=1, H10, 0) -> 2132.22 | L10: =L9-J10+K10 -> 65098.52 | M10: R & D Costs | N10: SGM101 | O10: 12_11017

Sheet MAI
A2: NOTE :FACTURES | B2: MAI | C2: NON PAYEE | D2: 41243 | H2: Solde Trésorerie Début Période | L2: =AVRIL!L3 -> 65098.52 | N2: CAISSE | O2: =[2]SEPTEMBRE!N2-4.5-25-23 -> 36.61
B3: INSERM TRANSFERT | D3: 13026.31 | H3: Solde Tresorerie Fin Période | L3: =L2-(SUM(J9:J30)+(SUM(K9:K30))) -> 62886.88 | N3: Solde Corrigé | O3: =L3+O2 -> 62923.49
H4: BALANCE REEL Engagements | L4: =L2-SUM(H9:H30)+SUM(K9:K30) -> 62886.88
H5: Solde Relevé Bancaire Mensuel | L5: 0 | N5: C.A.T. | O5: =1080000 -> 1080000
H6: Rapprochement bancaire | L6: 0 | N6: TOTAL TRESO | O6: =O5+L4 -> 1142886.9
A8: DATE | B8: DESTINATAIRE | C8: MOYEN Paiement | D8: Mise en Paiement | E8: Échéance | F8: Montant HT | G8: TVA | H8: TTC | I8: deb | J8: DEBIT | K8: CREDIT | L8: SOLDE | M8: ANALYTIQUE | N8: RUBRIQUE | O8: Ref Interne
A9: 41236 | B9: Bouyguestelecom | C9: prelevement | D9: 41251 | E9: =IF([1]!Table12[[#This Row],[Mise en Paiement]]-(TODAY())<0, 0, [1]!Table12[[#This Row],[Mise en Paiement]]-TODAY()) -> #REF! | F9: 66.4 | G9: 13.02 | H9: =G9+F9 -> 79.42 | I9: 1 | J9: =IF(I9=1, H9, 0) -> 79.42 | L9: =L2-J9+K9 -> 65019.1 | M9: Phone | N9: Bouyguestelecom FC | O9: 12_11019
A10: 41247 | B10: L2D | C10: virement | D10: 41247 | E10: =IF([1]!Table12[[#This Row],[Mise en Paiement]]-(TODAY())<0, 0, [1]!Table12[[#This Row],[Mise en Paiement]]-TODAY()) -> #REF! | F10: 1815.09 | G10: 317.13 | H10: =G10+F10 -> 2132.22 | I10: 1 | J10: =IF(I10=1, H10, 0) -> 2132.22 | L10: =L9-J10+K10 -> 62886.88 | M10: R & D Costs | N10: SGM101 | O10: 12_11017

Sheet JUIN
A2: NOTE :FACTURES | B2: MAI | C2: NON PAYEE | D2: 41243 | H2: Solde Trésorerie Début Période | L2: =MAI!L3 -> 62886.88 | N2: CAISSE | O2: =[2]SEPTEMBRE!N2-4.5-25-23 -> 36.61
B3: INSERM TRANSFERT | D3: 13026.31 | H3: Solde Tresorerie Fin Période | L3: =L2-(SUM(J9:J30)+(SUM(K9:K30))) -> 60675.24 | N3: Solde Corrigé | O3: =L3+O2 -> 60711.85
H4: BALANCE REEL Engagements | L4: =L2-SUM(H9:H30)+SUM(K9:K30) -> 60675.24
H5: Solde Relevé Bancaire Mensuel | L5: 0 | N5: C.A.T. | O5: =1080000 -> 1080000
H6: Rapprochement bancaire | L6: 0 | N6: TOTAL TRESO | O6: =O5+L4 -> 1140675.2
A8: DATE | B8: DESTINATAIRE | C8: MOYEN Paiement | D8: Mise en Paiement | E8: Échéance | F8: Montant HT | G8: TVA | H8: TTC | I8: deb | J8: DEBIT | K8: CREDIT | L8: SOLDE | M8: ANALYTIQUE | N8: RUBRIQUE | O8: Ref Interne
A9: 41236 | B9: Bouyguestelecom | C9: prelevement | D9: 41251 | E9: =IF([1]!Table12[[#This Row],[Mise en Paiement]]-(TODAY())<0, 0, [1]!Table12[[#This Row],[Mise en Paiement]]-TODAY()) -> #REF! | F9: 66.4 | G9: 13.02 | H9: =G9+F9 -> 79.42 | I9: 1 | J9: =IF(I9=1, H9, 0) -> 79.42 | L9: =L2-J9+K9 -> 62807.46 | M9: Phone | N9: Bouyguestelecom FC | O9: 12_11019
A10: 41247 | B10: L2D | C10: virement | D10: 41247 | E10: =IF([1]!Table12[[#This Row],[Mise en Paiement]]-(TODAY())<0, 0, [1]!Table12[[#This Row],[Mise en Paiement]]-TODAY()) -> #REF! | F10: 1815.09 | G10: 317.13 | H10: =G10+F10 -> 2132.22 | I10: 1 | J10: =IF(I10=1, H10, 0) -> 2132.22 | L10: =L9-J10+K10 -> 60675.24 | M10: R & D Costs | N10: SGM101 | O10: 12_11017

Sheet JUILLET
A2: NOTE :FACTURES | B2: MAI | C2: NON PAYEE | D2: 41243 | H2: Solde Trésorerie Début Période | L2: =JUIN!L3 -> 60675.24 | N2: CAISSE | O2: =[2]SEPTEMBRE!N2-4.5-25-23 -> 36.61
B3: INSERM TRANSFERT | D3: 13026.31 | H3: Solde Tresorerie Fin Période | L3: =L2-(SUM(J9:J30)+(SUM(K9:K30))) -> 58463.6 | N3: Solde Corrigé | O3: =L3+O2 -> 58500.21
H4: BALANCE REEL Engagements | L4: =L2-SUM(H9:H30)+SUM(K9:K30) -> 58463.6
H5: Solde Relevé Bancaire Mensuel | L5: 0 | N5: C.A.T. | O5: =1080000 -> 1080000
H6: Rapprochement bancaire | L6: 0 | N6: TOTAL TRESO | O6: =O5+L4 -> 1138463.6
A8: DATE | B8: DESTINATAIRE | C8: MOYEN Paiement | D8: Mise en Paiement | E8: Échéance | F8: Montant HT | G8: TVA | H8: TTC | I8: deb | J8: DEBIT | K8: CREDIT | L8: SOLDE | M8: ANALYTIQUE | N8: RUBRIQUE | O8: Ref Interne
A9: 41236 | B9: Bouyguestelecom | C9: prelevement | D9: 41251 | E9: =IF([1]!Table12[[#This Row],[Mise en Paiement]]-(TODAY())<0, 0, [1]!Table12[[#This Row],[Mise en Paiement]]-TODAY()) -> #REF! | F9: 66.4 | G9: 13.02 | H9: =G9+F9 -> 79.42 | I9: 1 | J9: =IF(I9=1, H9, 0) -> 79.42 | L9: =L2-J9+K9 -> 60595.82 | M9: Phone | N9: Bouyguestelecom FC | O9: 12_11019
A10: 41247 | B10: L2D | C10: virement | D10: 41247 | E10: =IF([1]!Table12[[#This Row],[Mise en Paiement]]-(TODAY())<0, 0, [1]!Table12[[#This Row],[Mise en Paiement]]-TODAY()) -> #REF! | F10: 1815.09 | G10: 317.13 | H10: =G10+F10 -> 2132.22 | I10: 1 | J10: =IF(I10=1, H10, 0) -> 2132.22 | L10: =L9-J10+K10 -> 58463.6 | M10: R & D Costs | N10: SGM101 | O10: 12_11017

Sheet AOUT
A2: NOTE :FACTURES | B2: MAI | C2: NON PAYEE | D2: 41243 | H2: Solde Trésorerie Début Période | L2: =JUILLET!L3 -> 58463.6 | N2: CAISSE | O2: =[2]SEPTEMBRE!N2-4.5-25-23 -> 36.61
B3: INSERM TRANSFERT | D3: 13026.31 | H3: Solde Tresorerie Fin Période | L3: =L2-(SUM(J9:J30)+(SUM(K9:K30))) -> 56251.96 | N3: Solde Corrigé | O3: =L3+O2 -> 56288.57
H4: BALANCE REEL Engagements | L4: =L2-SUM(H9:H30)+SUM(K9:K30) -> 56251.96
H5: Solde Relevé Bancaire Mensuel | L5: 0 | N5: C.A.T. | O5: =1080000 -> 1080000
H6: Rapprochement bancaire | L6: 0 | N6: TOTAL TRESO | O6: =O5+L4 -> 1136252
A8: DATE | B8: DESTINATAIRE | C8: MOYEN Paiement | D8: Mise en Paiement | E8: Échéance | F8: Montant HT | G8: TVA | H8: TTC | I8: deb | J8: DEBIT | K8: CREDIT | L8: SOLDE | M8: ANALYTIQUE | N8: RUBRIQUE | O8: Ref Interne
A9: 41236 | B9: Bouyguestelecom | C9: prelevement | D9: 41251 | E9: =IF([1]!Table12[[#This Row],[Mise en Paiement]]-(TODAY())<0, 0, [1]!Table12[[#This Row],[Mise en Paiement]]-TODAY()) -> #REF! | F9: 66.4 | G9: 13.02 | H9: =G9+F9 -> 79.42 | I9: 1 | J9: =IF(I9=1, H9, 0) -> 79.42 | L9: =L2-J9+K9 -> 58384.18 | M9: Phone | N9: Bouyguestelecom FC | O9: 12_11019
A10: 41247 | B10: L2D | C10: virement | D10: 41247 | E10: =IF([1]!Table12[[#This Row],[Mise en Paiement]]-(TODAY())<0, 0, [1]!Table12[[#This Row],[Mise en Paiement]]-TODAY()) -> #REF! | F10: 1815.09 | G10: 317.13 | H10: =G10+F10 -> 2132.22 | I10: 1 | J10: =IF(I10=1, H10, 0) -> 2132.22 | L10: =L9-J10+K10 -> 56251.96 | M10: R & D Costs | N10: SGM101 | O10: 12_11017

Sheet SEPTEMBRE
A2: NOTE :FACTURES | B2: MAI | C2: NON PAYEE | D2: 41243 | H2: Solde Trésorerie Début Période | L2: =AOUT!L3 -> 56251.96 | N2: CAISSE | O2: =[2]SEPTEMBRE!N2-4.5-25-23 -> 36.61
B3: INSERM TRANSFERT | D3: 13026.31 | H3: Solde Tresorerie Fin Période | L3: =L2-(SUM(J9:J30)+(SUM(K9:K30))) -> 54040.32 | N3: Solde Corrigé | O3: =L3+O2 -> 54076.93
H4: BALANCE REEL Engagements | L4: =L2-SUM(H9:H30)+SUM(K9:K30) -> 54040.32
H5: Solde Relevé Bancaire Mensuel | L5: 0 | N5: C.A.T. | O5: =1080000 -> 1080000
H6: Rapprochement bancaire | L6: 0 | N6: TOTAL TRESO | O6: =O5+L4 -> 1134040.3
A8: DATE | B8: DESTINATAIRE | C8: MOYEN Paiement | D8: Mise en Paiement | E8: Échéance | F8: Montant HT | G8: TVA | H8: TTC | I8: deb | J8: DEBIT | K8: CREDIT | L8: SOLDE | M8: ANALYTIQUE | N8: RUBRIQUE | O8: Ref Interne
A9: 41236 | B9: Bouyguestelecom | C9: prelevement | D9: 41251 | E9: =IF([1]!Table12[[#This Row],[Mise en Paiement]]-(TODAY())<0, 0, [1]!Table12[[#This Row],[Mise en Paiement]]-TODAY()) -> #REF! | F9: 66.4 | G9: 13.02 | H9: =G9+F9 -> 79.42 | I9: 1 | J9: =IF(I9=1, H9, 0) -> 79.42 | L9: =L2-J9+K9 -> 56172.54 | M9: Phone | N9: Bouyguestelecom FC | O9: 12_11019
A10: 41247 | B10: L2D | C10: virement | D10: 41247 | E10: =IF([1]!Table12[[#This Row],[Mise en Paiement]]-(TODAY())<0, 0, [1]!Table12[[#This Row],[Mise en Paiement]]-TODAY()) -> #REF! | F10: 1815.09 | G10: 317.13 | H10: =G10+F10 -> 2132.22 | I10: 1 | J10: =IF(I10=1, H10, 0) -> 2132.22 | L10: =L9-J10+K10 -> 54040.32 | M10: R & D Costs | N10: SGM101 | O10: 12_11017

Sheet OCTOBRE
A2: NOTE :FACTURES | B2: MAI | C2: NON PAYEE | D2: 41243 | H2: Solde Trésorerie Début Période | L2: =SEPTEMBRE!L3 -> 54040.32 | N2: CAISSE | O2: =[2]SEPTEMBRE!N2-4.5-25-23 -> 36.61
B3: INSERM TRANSFERT | D3: 13026.31 | H3: Solde Tresorerie Fin Période | L3: =L2-(SUM(J9:J30)+(SUM(K9:K30))) -> 51828.68 | N3: Solde Corrigé | O3: =L3+O2 -> 51865.29
H4: BALANCE REEL Engagements | L4: =L2-SUM(H9:H30)+SUM(K9:K30) -> 51828.68
H5: Solde Relevé Bancaire Mensuel | L5: 0 | N5: C.A.T. | O5: =1080000 -> 1080000
H6: Rapprochement bancaire | L6: 0 | N6: TOTAL TRESO | O6: =O5+L4 -> 1131828.7
A8: DATE | B8: DESTINATAIRE | C8: MOYEN Paiement | D8: Mise en Paiement | E8: Échéance | F8: Montant HT | G8: TVA | H8: TTC | I8: deb | J8: DEBIT | K8: CREDIT | L8: SOLDE | M8: ANALYTIQUE | N8: RUBRIQUE | O8: Ref Interne
A9: 41236 | B9: Bouyguestelecom | C9: prelevement | D9: 41251 | E9: =IF([1]!Table12[[#This Row],[Mise en Paiement]]-(TODAY())<0, 0, [1]!Table12[[#This Row],[Mise en Paiement]]-TODAY()) -> #REF! | F9: 66.4 | G9: 13.02 | H9: =G9+F9 -> 79.42 | I9: 1 | J9: =IF(I9=1, H9, 0) -> 79.42 | L9: =L2-J9+K9 -> 53960.9 | M9: Phone | N9: Bouyguestelecom FC | O9: 12_11019
A10: 41247 | B10: L2D | C10: virement | D10: 41247 | E10: =IF([1]!Table12[[#This Row],[Mise en Paiement]]-(TODAY())<0, 0, [1]!Table12[[#This Row],[Mise en Paiement]]-TODAY()) -> #REF! | F10: 1815.09 | G10: 317.13 | H10: =G10+F10 -> 2132.22 | I10: 1 | J10: =IF(I10=1, H10, 0) -> 2132.22 | L10: =L9-J10+K10 -> 51828.68 | M10: R & D Costs | N10: SGM101 | O10: 12_11017

Sheet NOVEMBRE
A2: NOTE :FACTURES | B2: MAI | C2: NON PAYEE | D2: 41243 | H2: Solde Trésorerie Début Période | L2: =OCTOBRE!L3 -> 51828.68 | N2: CAISSE | O2: =[2]SEPTEMBRE!N2-4.5-25-23 -> 36.61
B3: INSERM TRANSFERT | D3: 13026.31 | H3: Solde Tresorerie Fin Période | L3: =L2-(SUM(J9:J30)+(SUM(K9:K30))) -> 49617.04 | N3: Solde Corrigé | O3: =L3+O2 -> 49653.65
H4: BALANCE REEL Engagements | L4: =L2-SUM(H9:H30)+SUM(K9:K30) -> 49617.04
H5: Solde Relevé Bancaire Mensuel | L5: 0 | N5: C.A.T. | O5: =1080000 -> 1080000
H6: Rapprochement bancaire | L6: 0 | N6: TOTAL TRESO | O6: =O5+L4 -> 1129617
A8: DATE | B8: DESTINATAIRE | C8: MOYEN Paiement | D8: Mise en Paiement | E8: Échéance | F8: Montant HT | G8: TVA | H8: TTC | I8: deb | J8: DEBIT | K8: CREDIT | L8: SOLDE | M8: ANALYTIQUE | N8: RUBRIQUE | O8: Ref Interne
A9: 41236 | B9: Bouyguestelecom | C9: prelevement | D9: 41251 | E9: =IF([1]!Table12[[#This Row],[Mise en Paiement]]-(TODAY())<0, 0, [1]!Table12[[#This Row],[Mise en Paiement]]-TODAY()) -> #REF! | F9: 66.4 | G9: 13.02 | H9: =G9+F9 -> 79.42 | I9: 1 | J9: =IF(I9=1, H9, 0) -> 79.42 | L9: =L2-J9+K9 -> 51749.26 | M9: Phone | N9: Bouyguestelecom FC | O9: 12_11019
A10: 41247 | B10: L2D | C10: virement | D10: 41247 | E10: =IF([1]!Table12[[#This Row],[Mise en Paiement]]-(TODAY())<0, 0, [1]!Table12[[#This Row],[Mise en Paiement]]-TODAY()) -> #REF! | F10: 1815.09 | G10: 317.13 | H10: =G10+F10 -> 2132.22 | I10: 1 | J10: =IF(I10=1, H10, 0) -> 2132.22 | L10: =L9-J10+K10 -> 49617.04 | M10: R & D Costs | N10: SGM101 | O10: 12_11017

Sheet DECEMBRE
A2: NOTE :FACTURES | B2: MAI | C2: NON PAYEE | D2: 41243 | H2: Solde Trésorerie Début Période | L2: =NOVEMBRE!L3 -> 49617.04 | N2: CAISSE | O2: =[2]SEPTEMBRE!N2-4.5-25-23 -> 36.61
B3: INSERM TRANSFERT | D3: 13026.31 | H3: Solde Tresorerie Fin Période | L3: =L2-(SUM(J9:J30)+(SUM(K9:K30))) -> 47405.4 | N3: Solde Corrigé | O3: =L3+O2 -> 47442.01
H4: BALANCE REEL Engagements | L4: =L2-SUM(H9:H30)+SUM(K9:K30) -> 47405.4
H5: Solde Relevé Bancaire Mensuel | L5: 0 | N5: C.A.T. | O5: =1080000 -> 1080000
H6: Rapprochement bancaire | L6: 0 | N6: TOTAL TRESO | O6: =O5+L4 -> 1127405.4
A8: DATE | B8: DESTINATAIRE | C8: MOYEN Paiement | D8: Mise en Paiement | E8: Échéance | F8: Montant HT | G8: TVA | H8: TTC | I8: deb | J8: DEBIT | K8: CREDIT | L8: SOLDE | M8: ANALYTIQUE | N8: RUBRIQUE | O8: Ref Interne
A9: 41236 | B9: Bouyguestelecom | C9: prelevement | D9: 41251 | E9: =IF([1]!Table12[[#This Row],[Mise en Paiement]]-(TODAY())<0, 0, [1]!Table12[[#This Row],[Mise en Paiement]]-TODAY()) -> #REF! | F9: 66.4 | G9: 13.02 | H9: =G9+F9 -> 79.42 | I9: 1 | J9: =IF(I9=1, H9, 0) -> 79.42 | L9: =L2-J9+K9 -> 49537.62 | M9: Phone | N9: Bouyguestelecom FC | O9: 12_11019
A10: 41247 | B10: L2D | C10: virement | D10: 41247 | E10: =IF([1]!Table12[[#This Row],[Mise en Paiement]]-(TODAY())<0, 0, [1]!Table12[[#This Row],[Mise en Paiement]]-TODAY()) -> #REF! | F10: 1815.09 | G10: 317.13 | H10: =G10+F10 -> 2132.22 | I10: 1 | J10: =IF(I10=1, H10, 0) -> 2132.22 | L10: =L9-J10+K10 -> 47405.4 | M10: R & D Costs | N10: SGM101 | O10: 12_11017

Sheet Feuil13
